AoeStats
← gingersurprise69

Lombardia

510245245Analyzed
4v4 RM · 2d ago on Sep 30, 2026· 76m 15s· 8 players
Game mode
Random Map
Map size
Large (8 player)
Population
200
Speed
Normal
Resources
Standard
Victory
Conquest
Starting age
Dark Age
Ending age
Imperial Age
RankedLock teamsTeams togetherTeam positionsShared explorationLock speedFull tech treeHidden civsTurbo modeCheats
Victory
Defeat
🇺🇸 Lithuanians · United States
1148
+13
🇦🇺 Huns · Australia
1141
+13
🇨🇳 Burgundians · China
1108
+15
🇭🇰 Teutons · Hong Kong SAR China
1089
+15
🇺🇸 Magyars · United States
1087
-14
🇨🇦 Cumans · Canada
1085
-14
🇨🇦 Danes · Canada
1081
-14
🇺🇸 Hindustanis · United States
1068
-14
番茄没有酒
5:11 Double-Bit Axe
6:35 Loom
12:26 Feudal Age
15:26 Bow Saw
15:54 Wheelbarrow
15:04 Horse Collar
16:32 Heavy Plow
17:32 Scale Barding Armor
22:48 Castle Age
22:05 Stone Mining
23:10 Hand Cart
24:31 Crop Rotation
25:52 Two-Man Saw
26:32 Town Watch
29:15 Stone Shaft Mining
28:32 Gold Mining
29:07 Husbandry
29:30 Chain Barding Armor
31:16 Gold Shaft Mining
30:58 Town Patrol
34:24 Burgundian Vineyards
35:53 Forging
37:37 Sanctity
42:08 Imperial Age
40:17 Iron Casting
41:22 Caravan
43:21 Conscription
43:36 Fervor
46:03 Elite Coustillier
48:46 Plate Barding Armor
48:56 Masonry
49:07 Ballistics
50:44 Hoardings
50:42 Light Cavalry
51:55 Architecture
51:05 Treadmill Crane
52:28 Fortified Wall
55:38 Blast Furnace
57:01 Hussar
60:16 Scale Mail Armor
60:07 Fletching
68:27 Chemistry
71:42 Chain Mail Armor
71:23 Bodkin Arrow
Teutons_CF
3:42 Loom
11:32 Feudal Age
12:49 Double-Bit Axe
12:47 Horse Collar
13:29 Town Watch
26:20 Castle Age
25:00 Stone Mining
25:01 Gold Mining
26:24 Pikeman
27:53 Squires
28:23 Scale Mail Armor
28:33 Forging
30:55 Wheelbarrow
30:59 Scale Barding Armor
31:24 Chain Mail Armor
34:54 Fletching
36:16 Bow Saw
39:52 Hand Cart
42:38 Imperial Age
42:48 Imperial Age
41:34 Iron Casting
44:07 Conscription
45:10 Plate Mail Armor
44:52 Heavy Plow
46:19 Caravan
46:22 Halberdier
52:40 Crenellations
54:57 Blast Furnace
55:28 Crop Rotation
55:25 Bodkin Arrow
57:57 Chemistry
56:42 Arrowslits
58:50 Fortified Wall
59:25 Elite Teutonic Knight
60:04 Elite Skirmisher
61:16 Heavy Scorpion
65:50 Padded Archer Armor
67:30 Bow Saw
67:40 Leather Archer Armor
70:13 Ring Archer Armor
71:26 Hoardings
74:03 Siege Engineers
73:50 Guard Tower
PapaSmurf
10:18 Feudal Age
11:04 Double-Bit Axe
17:16 Castle Age
16:32 Bloodlines
16:35 Forging
16:37 Horse Collar
17:10 Gold Mining
22:32 Husbandry
23:16 Stone Mining
24:03 Wheelbarrow
23:36 Loom
24:42 Scale Barding Armor
28:12 Hand Cart
28:20 Fervor
28:08 Town Watch
31:54 Chain Barding Armor
33:36 Bow Saw
36:23 Imperial Age
35:23 Heavy Plow
36:44 Iron Casting
36:33 Elite Leitis
37:33 Conscription
38:25 Two-Man Saw
38:57 Town Patrol
40:21 Plate Barding Armor
42:52 Hoardings
42:17 Elite Skirmisher
43:02 Scale Mail Armor
42:52 Fletching
43:02 Padded Archer Armor
43:26 Ballistics
44:06 Chemistry
43:01 Murder Holes
42:47 Treadmill Crane
43:17 Masonry
47:38 Bodkin Arrow
47:58 Leather Archer Armor
48:27 Architecture
49:55 Pikeman
50:36 Squires
50:57 Chain Mail Armor
50:44 Bracer
51:14 Ring Archer Armor
50:49 Tower Shields
51:29 Halberdier
62:28 Arson
68:30 Caravan
AbIGwAteRmElOn
5:07 Loom
13:00 Feudal Age
13:34 Town Watch
14:25 Wheelbarrow
13:52 Horse Collar
23:01 Castle Age
21:14 Double-Bit Axe
22:36 Bloodlines
22:33 Gold Mining
23:26 Forging
23:22 Scale Barding Armor
24:43 Husbandry
31:48 Heavy Plow
33:46 Hand Cart
37:18 Imperial Age
34:57 Caravan
36:23 Bow Saw
36:30 Marauders
36:45 Town Patrol
37:08 Chain Barding Armor
37:24 Iron Casting
38:55 Gold Shaft Mining
38:12 Stone Mining
38:45 Conscription
38:22 Light Cavalry
39:56 Plate Barding Armor
40:52 Blast Furnace
39:25 Cavalier
40:48 Hussar
42:47 Masonry
42:57 Ballistics
42:31 Fletching
44:03 Two-Man Saw
43:11 Elite Tarkan
50:43 Chemistry
49:39 Murder Holes
49:42 Bodkin Arrow
53:50 Bracer
54:41 Scale Mail Armor
54:04 Pikeman
54:44 Squires
54:30 Arson
55:40 Chain Mail Armor
55:37 Halberdier
60:05 Paladin
61:57 Coinage
61:37 Guilds
68:05 Banking
Rimbo
7:16 Loom
9:27 Feudal Age
10:26 Double-Bit Axe
11:35 Horse Collar
14:10 Scale Barding Armor
21:32 Castle Age
20:29 Bloodlines
21:40 Horse Collar
23:00 Husbandry
23:58 Chain Barding Armor
24:36 Heavy Plow
24:48 Bow Saw
28:25 Wheelbarrow
31:44 Fletching
35:14 Hand Cart
34:57 Gold Mining
35:00 Stone Mining
36:21 Gold Shaft Mining
36:34 Bodkin Arrow
43:22 Imperial Age
43:09 Ballistics
43:00 Masonry
42:32 Treadmill Crane
45:39 Two-Man Saw
45:10 Crop Rotation
45:10 Conscription
44:13 Elite Magyar Huszar
44:59 Corvinian Army
45:55 Plate Barding Armor
45:21 Bracer
46:36 Sappers
52:34 Parthian Tactics
51:29 Heavy Cavalry Archer
52:21 Thumb Ring
52:19 Padded Archer Armor
55:56 Chemistry
56:46 Murder Holes
60:43 Leather Archer Armor
63:32 Light Cavalry
66:42 Hussar
69:32 Ring Archer Armor
DannyBaby
5:26 Loom
12:07 Feudal Age
14:05 Double-Bit Axe
14:06 Horse Collar
16:44 Castle Age
18:45 Bow Saw
22:18 Heavy Plow
23:22 Gold Mining
30:56 Imperial Age
29:15 Scale Barding Armor
29:21 Forging
30:18 Chain Barding Armor
29:49 Fletching
33:12 Iron Casting
33:13 Plate Barding Armor
32:33 Bodkin Arrow
33:01 Ballistics
33:42 Chemistry
32:55 Masonry
32:58 Bloodlines
32:48 Husbandry
34:35 Conscription
34:17 Grand Trunk Road
34:57 Hoardings
35:31 Two-Man Saw
35:11 Siege Engineers
35:00 Heavy Camel Rider
36:45 Blast Furnace
35:45 Bracer
36:02 Stone Mining
37:26 Imperial Camel Rider
38:18 Light Cavalry
42:30 Town Watch
43:24 Wheelbarrow
42:40 Hussar
45:06 Caravan
50:06 Coinage
radnark
7:23 Loom
12:00 Feudal Age
12:45 Double-Bit Axe
13:57 Fletching
21:57 Wheelbarrow
23:25 Town Watch
26:23 Castle Age
27:30 Bodkin Arrow
27:36 Padded Archer Armor
30:03 Bow Saw
32:09 Ballistics
40:16 Leather Archer Armor
40:48 Bloodlines
45:06 Imperial Age
47:01 Elite Kipchak
48:25 Ring Archer Armor
48:59 Chemistry
48:21 Cuman Mercenaries
48:42 Conscription
63:22 Parthian Tactics
63:03 Thumb Ring
64:08 Light Cavalry
66:09 Hussar
67:51 Scale Barding Armor
67:57 Forging
68:43 Steppe Husbandry
69:14 Chain Barding Armor
70:31 Plate Barding Armor
70:53 Iron Casting
gingersurprise69
11:23 Feudal Age
16:00 Castle Age
14:19 Padded Archer Armor
15:13 Fletching
15:17 Double-Bit Axe
15:14 Horse Collar
20:57 Loom
22:48 Bodkin Arrow
24:42 Wheelbarrow
24:26 Heavy Plow
25:01 Gold Mining
25:01 Stone Mining
25:41 Bloodlines
25:32 Husbandry
28:42 Hand Cart
34:24 Forging
34:14 Scale Mail Armor
34:31 Leather Archer Armor
34:25 Thumb Ring
33:53 Pikeman
34:33 Squires
34:18 Gambesons
34:19 Arson
37:47 Imperial Age
36:18 Iron Casting
39:43 Halberdier
40:39 Heavy Mounted Crossbowman
40:39 Cranequins
41:23 Elite Varangian Guard
44:32 Conscription
44:42 Conscription
Connection lost

Rejoining the realm…

Still unreachable

The connection could not be restored.

Session expired

The server has moved on; the page needs a fresh start.